 Dungeon Crawl Stone Soup version 0.19.1-1-g22dce08 (webtiles) character file.

3334 kae the Carver (level 10, 0/79 HPs)
             Began as a Formicid Fighter on Dec 29, 2016.
             Slain by Joseph
             ... wielding a +0 quarterstaff
              (17 damage)
             ... on level 7 of the Dungeon.
             The game lasted 00:08:22 (7743 turns).

kae the Carver (Formicid Fighter)                   Turns: 7743, Time: 00:08:23

Health: 0/79       AC: 10    Str: 23 (25) XL:     10   Next: 22%
Magic:  10/10      EV: 10    Int:  7      God:
Gold:   249        SH:  0    Dex:  9 (10) Spells: 0 memorised, 9 levels left

rFire  . . .     SeeInvis +     a - +1 long sword
rCold  . . .     Gourm    .     b - +0 scale mail
rNeg   . . .     Faith    +     c - +0 shield
rPois  .         Spirit   .     (helmet unavailable)
rElec  .         Reflect  .     r - +0 cloak
rCorr  .         Harm     .     h - +0 pair of gloves
MR     +....                    (no boots)
Stlth  ..........               t - amulet of faith
                                n - ring of teleportation (curse)
                                p - +1 ring of evasion

@: confused
A: permanent stasis, dig shafts and tunnels, four strong arms, antennae 3
a: Dig, Shaft Self


You were on level 7 of the Dungeon.
You were hungry.

You visited 1 branch of the dungeon, and saw 8 of its levels.

You collected 249 gold pieces.

Inventory:

Hand Weapons
 a - a +1 long sword (weapon)
Armour
 b - a +0 scale mail (worn)
 c - a +0 shield (worn)
 h - a +0 pair of gloves (worn)
 r - a +0 cloak (worn)
Jewellery
 n - a cursed ring of teleportation (right hand)
 p - a +1 ring of evasion (left hand)
 t - an amulet of faith (around neck)
Scrolls
 e - 5 scrolls of remove curse
 g - a scroll of teleportation
 i - 5 scrolls of identify
Potions
 d - a potion of cure mutation
 k - a potion of degeneration
 l - a potion of curing
Books
 m - a book of Cantrips

   Spells                             Type                      Level
   a - Confusing Touch                Hexes                        1
   b - Animate Skeleton               Necromancy                   1
   c - Summon Small Mammal            Summoning                    1
   d - Apportation                    Translocation                1
 o - a book of Misfortune

   Spells                             Type                      Level
   a - Confusing Touch                Hexes                        1
   b - Confuse                        Hexes                        3
   c - Gell's Gravitas                Hexes/Translocation          3
   d - Petrify                        Transmutation/Earth          4
   e - Metabolic Englaciation         Hexes/Ice                    5
   f - Yara's Violent Unravelling     Hexes/Transmutation          5
Comestibles
 f - 5 bread rations


   Skills:
 + Level 7.4 Fighting
 * Level 9.1 Long Blades
 + Level 7.5 Armour
 + Level 8.3 Shields


You had 9 spell levels left.
You didn't know any spells.

Dungeon Overview and Level Annotations

Branches:
Dungeon (8/15)
 Temple: D:4-7         Lair: D:8-11

Altars:
Ashenzari
Gozag
Qazlal
Sif Muna
Trog
Zin

Annotations:
D:7 Joseph
D:8 Gastronok


Innate Abilities, Weirdness & Mutations

You are under a permanent stasis effect.
You can dig through walls and to a lower floor.
Your four strong arms can wield two-handed weapons with a shield.
You have a pair of large antennae on your head. (SInv)


Message History

Joseph hits you with an uncursed quarterstaff!
You hit Joseph.
Joseph is heavily wounded.
Joseph barely misses you.
You riposte.
You closely miss Joseph.
Joseph is heavily wounded.
You closely miss Joseph.
Joseph is heavily wounded.
Joseph closely misses you. You block Joseph's attack.
You slash Joseph!
Joseph is heavily wounded.
Joseph hits you with an uncursed quarterstaff!
* * * LOW HITPOINT WARNING * * *
You are confused.
You feel invigorated.
Joseph hits you with an uncursed quarterstaff!
* * * LOW HITPOINT WARNING * * *
You bump into the rock wall.
The bullfrog releases a deep croak.
Joseph hits you with an uncursed quarterstaff!
You die...

.# #.# .# # #[# .###.# ###
## ##.## ...#.## ..#..
##...## ....#. ..#.#
#.#..#..# .#.#.# #.#.#
#.#.###.# .#.#.# #...#
#.#..#..#
...).#####...#.#####.##...##
.#........(.....@.##.###.##
......###......##@##.# #.#
......###.......#F##.###.#
##.##..###...#..#(.......#
##....#{###.##....(..#####
>..##y##y##.###.######
#####.#.## .# #. #.### .# ..
#.# #..


You could see Joseph (berserk) and a bullfrog.

Vanquished Creatures
  Psyche (D:8)
  The ghost of markt42 the Shield-Bearer, an amateur GrFi of Okawaru (D:4)
  A hippogriff (D:3)
  Eustachio (D:6)
  A hungry ghost (D:7)
  Menkaure (D:7)
  Duvessa (D:7)
  An ice beast (D:4)
  A phantom (D:4)
  4 sky beasts
  2 ogres (D:7)
  2 centaurs
  A wyvern zombie (D:7)
  4 bullfrogs
  Dowan (D:7)
  A scorpion (D:4)
  A howler monkey (D:3)
  A crimson imp (D:5)
  2 centaur zombies
  A bullfrog skeleton (D:7)
  2 hounds
  4 orc wizards
  An orc priest (D:7)
  A gnoll shaman (D:5)
  Ijyb (D:3)
  7 worker ants
  A hound zombie (D:7)
  2 hound skeletons
  5 gnolls
  9 adders
  A shadow imp (D:7)
  4 worms
  7 leopard geckos
  20 orcs
  4 giant cockroaches
  8 goblins
  7 hobgoblins
  17 jackals
  6 kobolds
  4 quokkas
  10 bats
  5 frilled lizards
  2 leopard gecko skeletons
  A quokka skeleton (D:4)
  9 rats
167 creatures vanquished.

Notes
Turn   | Place    | Note
-------+----------+-------------------------------------------
     0 | D:1      | kae the Formicid Fighter began the quest for the Orb.
     0 | D:1      | Reached XP level 1. HP: 18/18 MP: 1/1
   188 | D:1      | Reached XP level 2. HP: 24/24 MP: 2/2
   247 | D:1      | Found a shattered altar of Ashenzari.
   441 | D:1      | Reached XP level 3. HP: 10/29 MP: 3/3
   908 | D:1      | Reached skill level 3 in Long Blades
  1223 | D:2      | Reached XP level 4. HP: 35/35 MP: 4/4
  1836 | D:3      | Noticed a hippogriff
  1843 | D:3      | Killed a hippogriff
  1843 | D:3      | Reached skill level 4 in Long Blades
  1843 | D:3      | Reached XP level 5. HP: 6/42 MP: 5/5
  1843 | D:3      | Reached XP level 6. HP: 7/48 MP: 6/6
  2296 | D:3      | Found a glowing silver altar of Zin.
  2296 | D:3      | Found a bloodstained altar of Trog.
  2881 | D:3      | Noticed Ijyb
  2893 | D:3      | Killed Ijyb
  3228 | D:3      | Reached skill level 5 in Shields
  3228 | D:3      | Reached XP level 7. HP: 50/55 MP: 7/7
  3456 | D:4      | Reached skill level 5 in Long Blades
  3456 | D:4      | Reached skill level 5 in Armour
  3662 | D:4      | Noticed markt42's ghost (amateur GrFi)
  3676 | D:4      | Killed markt42's ghost
  3680 | D:4      | Reached skill level 5 in Fighting
  3680 | D:4      | Reached XP level 8. HP: 44/62 MP: 8/8
  3705 | D:4      | Found a stormy altar of Qazlal.
  4070 | D:4      | Reached skill level 6 in Long Blades
  4700 | D:5      | Entered Level 5 of the Dungeon
  5856 | D:6      | Reached XP level 9. HP: 69/69 MP: 9/9
  5874 | D:6      | Reached skill level 7 in Long Blades
  6005 | D:6      | Noticed Eustachio
  6061 | D:6      | Killed Eustachio
  6160 | D:6      | Found a deep blue altar of Sif Muna.
  6338 | D:7      | Noticed Dowan
  6343 | D:7      | Noticed Duvessa
  6363 | D:7      | Killed Dowan
  6399 | D:7      | Killed Duvessa
  6636 | D:7      | Reached skill level 8 in Long Blades
  6727 | D:7      | Noticed Joseph
  6733 | D:7      | Noticed a hornet
  6747 | D:7      | You fall through a shaft!
  6752 | D:8      | Noticed Gastronok
  7100 | D:8      | Found an opulent altar of Gozag.
  7125 | D:8      | Reached XP level 10. HP: 55/79 MP: 10/10
  7338 | D:8      | Noticed Psyche
  7352 | D:8      | Killed Psyche
  7489 | D:7      | Noticed Menkaure
  7504 | D:7      | Killed Menkaure
  7504 | D:7      | Reached skill level 9 in Long Blades
  7743 | D:7      | Slain by Joseph

Skill      XL: |  1  2  3  4  5  6  7  8  9 10 |
---------------+-------------------------------+-----
Shields        | 4 5 6 7 8 |  8.3
Long Blades    | 3 4 5 6 8 9 |  9.1
Fighting       | 4 5 7 |  7.4
Armour         | 4 5 6 7 |  7.5

Action                   |  1- 3 |  4- 6 |  7- 9 | 10-12 || total
-------------------------+-------+-------+-------+-------++-------
Melee: Long sword        |    84 |   150 |   472 |    44 ||   750
 Abil: Dig               |       |     3 |    11 |     2 ||    16
       Shaft Self        |       |       |     1 |       ||     1
  Use: Scroll            |       |     6 |     5 |     1 ||    12
       Potion            |       |       |     7 |     2 ||     9
  Eat: Chunk             |     1 |     6 |    16 |     3 ||    26
       Pizza             |       |       |     1 |       ||     1
Armor: Scale mail        |    34 |    61 |   136 |     6 ||   237
Dodge: Dodged            |    20 |    82 |   150 |    12 ||   264
Block: Shield            |    50 |   105 |   233 |    17 ||   405
       Rpst.: Long sword |     5 |    21 |    50 |     3 ||    79
